cohdb
Replays
Latest Replays
All Replays
Popular Replays
Top Player Replays
Match Explorer
How It Works
Community
CoH3 Stats
Reddit
Sign in to upload your games and track your stats! →
Sign in with Steam
Match 40447953
Unlisted
Match 40447953
Overview
Messages
Build Orders
End
Kettenkrad Recon Vehicle
Construct Infanterie Kompanie
Selects Terror Battlegroup
Selects Machine Gun Camouflage
MG 42 Machine Gun Team
Grenadier Squad
Grenadier Squad
MG 42 Machine Gun Team
Construct Luftwaffe Kompanie
221 Scout Car
Medical Bunker
Jäger Squad
Luftwaffe Officer Quarters
Selects Interrogate
Selects Propaganda Leaflet Drop
Support Elements
Wirbelwind Flakpanzer
Marder III M Tank Destroyer
Jäger Squad
Sparkle
Mo-J
Wheeler
Windorca
The Mask
Mr.axel
0
0
Comments
sign in to comment!
No comments posted yet!